 Dungeon Crawl Stone Soup version 0.20-a0-390-g4892b34 (webtiles) character file.

80768 Kidiri the Eclecticist (level 15, -1/85 HPs)
             Began as a Deep Elf Fire Elementalist on Dec 29, 2016.
             Was a High Priest of Vehumet.
             Slain by an orc knight
             ... wielding a +1 great mace
              (31 damage)
             ... on level 2 of the Orcish Mines on Dec 30, 2016.
             The game lasted 01:40:30 (24451 turns).

Kidiri the Eclecticist (DEFE)                      Turns: 24451, Time: 01:40:31

Health: -1/85      AC: 15    Str:  5    XL:     15   Next: 24%
Magic:  24/45      EV: 18    Int: 30    God:    Vehumet [*****.]
Gold:   2084       SH:  6    Dex: 15    Spells: 2/44 levels left

rFire  + + .     SeeInvis .     J - +3 long sword of Gozag {drain, *Noise rPois rC+}
rCold  + + .     Gourm    .     P - +1 robe {rC+ rF+}
rNeg   . . .     Faith    .     Q - +1 buckler {AC+3}
rPois  +         Spirit   .     M - +1 hat {Int+3}
rElec  .         Reflect  .     q - +1 cloak
rCorr  .         Harm     .     d - +2 pair of gloves
MR     +....                    H - +1 pair of boots
Stlth  ++........               o - amulet of regeneration
                                n - ring of magical power
                                v - ring of protection from fire

@: delayed fireball, drained
A: no striking features
a: Renounce Religion, Release Delayed Fireball


You were on level 2 of the Orcish Mines.
You worshipped Vehumet.
Vehumet was extremely pleased with you.
You were not hungry.

You visited 4 branches of the dungeon, and saw 22 of its levels.
You also visited: Sewer and Ice Cave.

You collected 2346 gold pieces.
You spent 262 gold pieces at shops.

Inventory:

Hand Weapons
 B - a +2 dagger of flaming
 J - the +3 long sword of Gozag (weapon) {drain, *Noise rPois rC+}
   (You found it on level 10 of the Dungeon)

   A truly terrible weapon, it drains the life of those it strikes.
   It protects you from cold.
   It protects you from poison.
   It may make noises in combat.
Armour
 d - a +2 pair of gloves (worn)
 q - a +1 cloak (worn)
 D - the +1 robe of the Rabble {Regen+ Dex+3}
   (You found it on level 8 of the Dungeon)

   It affects your dexterity (+3).
   It increases your rate of regeneration.
 H - a +1 pair of boots (worn)
 M - a +1 hat of intelligence (worn)
 P - a +1 robe of resistance (worn)
 Q - a +1 buckler of protection (worn)
 U - a +0 shield
Jewellery
 e - an uncursed ring of protection from cold
 n - a ring of magical power (right hand)
 o - an amulet of regeneration (around neck)
 v - a ring of protection from fire (left hand)
Wands
 f - a wand of enslavement (12/24)
 g - a wand of digging (9/24)
 u - a wand of acid (0/15)
 w - a wand of lightning (12/15)
 z - a wand of confusion (22/48)
 N - a wand of paralysis (9/24)
 O - a wand of iceblast (11/15)
Scrolls
 b - 3 scrolls of identify
 h - 6 scrolls of remove curse
 k - 8 scrolls of immolation
 y - 3 scrolls of fog
 A - 3 scrolls of amnesia
 E - a scroll of magic mapping
 F - 3 scrolls of recharging
 K - 2 scrolls of teleportation
Potions
 a - a potion of might
 i - a potion of agility
 m - 4 potions of curing
 p - 2 potions of brilliance
 s - a potion of resistance
 t - a potion of ambrosia
 x - a potion of magic
 C - 2 potions of cancellation
 G - a potion of berserk rage
 I - 3 potions of flight
 L - 2 potions of lignification
 T - a potion of haste
Books
 r - a Young Poisoner's Handbook

   Spells                             Type                      Level
   a - Sting                          Conjuration/Poison           1
   b - Mephitic Cloud                 Conjuration/Poison/Air       3
   c - Olgreb's Toxic Radiance        Poison                       4
   d - Alistair's Intoxication        Transmutation/Poison         5
   e - Venom Bolt                     Conjuration/Poison           5
Comestibles
 c - 14 bread rations
 j - 4 chunks of flesh
 l - 2 meat rations


   Skills:
 + Level 6.7(6.3) Fighting
 + Level 7.8(7.3) Short Blades
 + Level 6.6(6.2) Armour
 + Level 9.2(8.7) Dodging
 - Level 2.4(2.0) Stealth
 + Level 3.0(2.7) Shields
 * Level 15.3(14.7) Spellcasting
 + Level 9.4(9.0) Conjurations
 + Level 10.4(9.9) Fire Magic
 + Level 7.9(7.5) Ice Magic
 + Level 7.9(7.4) Air Magic
 + Level 6.6(6.2) Earth Magic
 + Level 6.3(5.9) Poison Magic
 + Level 6.1(5.7) Evocations


You had 2 spell levels left.
You knew the following spells:

 Your Spells              Type           Power        Failure   Level  Hunger
a - Flame Tongue          Conj/Fire      #####        1%          1    None
b - Throw Flame           Conj/Fire      ######       1%          2    None
c - Conjure Flame         Conj/Fire      ######..     1%          3    None
d - Inner Flame           Hex/Fire       ######..     1%          3    None
e - Sticky Flame          Conj/Fire      ######..     1%          4    None
f - Fireball              Conj/Fire      ######....   1%          5    None
g - Shock                 Conj/Air       ####         1%          1    None
h - Throw Frost           Conj/Ice       ######       1%          2    None
i - Stone Arrow           Conj/Erth      ######       1%          3    None
j - Poisonous Cloud       Conj/Pois/Air  ######....   1%          5    None
k - Lee's Rapid Deconstr  Erth           ######....   2%          5    None
l - Delayed Fireball      Conj/Fire      N/A          13%         7    #####..
m - Freezing Cloud        Conj/Ice/Air   ######....   4%          6    ###....


Dungeon Overview and Level Annotations

Branches:
Dungeon (13/15)            Temple (1/1) D:4            Lair (6/6) D:9
  Swamp (0/4) Lair:3       Spider (0/4) Lair:2        Slime (0/5) Lair:6
    Orc (2/2) D:10            Elf (0/3) Orc:2
 Vaults: D:13-14

Altars:
Ashenzari
Cheibriados
Dithmenos
Elyvilon
Fedhas
Gozag
Hepliaklqana
Kikubaaqudgha
Makhleb
Nemelex Xobeh
Okawaru
Qazlal
Ru
Sif Muna
Trog
Uskayaw
Vehumet
Xom
Yredelemnul
Zin
The Shining One
Jiyva

Shops:
D:7 (   D:9 [   Orc:2 [

Annotations:
Orc:1 Nattefrost's ghost, journeyman FoFi


Message History

Press: ? - help, Shift-Dir - straight line, f/p - orc high priest
Aim: an orc high priest, wielding a short sword and wearing a chain mail (poison gas, almost dead, poisoned, covered in liquid flames, lightly drained, chance to defeat MR: 76%)
The orc high priest barely resists.
The orc knight burns!
The orc sorcerer burns!
You kill the orc sorcerer!
Vehumet accepts your kill.
The orc high priest burns!
You kill the orc high priest!
Vehumet accepts your kill.
Vehumet offers you knowledge of Poison Arrow.
You feel your power returning.
The orc knight is engulfed in poison gas.
The orc knight looks as sick as possible!
The orc knight misses you.
The orc knight burns!
The orc knight stops burning.
The orc knight looks as sick as possible!
You hit the orc knight but do no damage.
The orc knight is almost dead.
The orc knight hits you with an enchanted great mace!!
You die...

..........)))).###
..........).))...##
.............)))..##
.....)...#####.....##
...........#####....#
........####§.###...#
.....####..÷§§.##...#
...).# .÷..§§§#.÷.##
...)## ..÷§§÷§o@..#
....# ..§§§§)§÷.##
..).# .÷)§§§...##
....# ...).÷...#
...### .......###
.....## #....÷#
......# ######
......### ∩..#....##


You could see an orc knight.

Vanquished Creatures
  Gastronok (Lair:3)
  An orc warlord (Orc:2)
  Josephine (Lair:6)
  Harold (D:10)
  4 hydras
  Erolcha (D:10)
  A catoblepas (D:9)
  3 centaur warriors
  3 two-headed ogres
  Erica (D:9)
  6 death yaks (Lair:4)
  4 orc high priests
  Nergalle (Lair:1)
  Sonja (D:10)
  4 orc knights
  A wolf spider zombie (D:12)
  A lindwurm (Lair:6)
  A necromancer (IceCv)
  4 oklob plants (Lair:4)
  A wolf spider (D:12)
  4 cyclopes
  2 ugly things (D:11)
  3 orc sorcerers (Orc:2)
  2 deep elf magi
  7 black mambas
  4 ice statues (IceCv)
  Joseph (D:7)
  4 elephants (Lair:5)
  16 spiny frogs
  A centaur skeleton (D:13)
  4 torpor snails (Lair:4)
  9 komodo dragons
  2 rime drakes (Lair:3)
  8 ice devils (IceCv)
  A polar bear (Lair:3)
  10 trolls
  3 tyrant leeches (Lair:6)
  Grinder (D:3)
  Prince Ribbit (D:9)
  21 blink frogs
  6 hippogriffs
  6 dream sheep (Lair:5)
  A shadow (D:9)
  A wyvern (Lair:5)
  A spriggan (shapeshifter) (D:10)
  A spriggan (D:7)
  A vampire (D:12)
  6 wraiths
  38 yaks
  A steam dragon (D:9)
  6 vampire mosquitoes
  2 basilisks
  5 hungry ghosts
  3 wargs
  12 water moccasins
  8 porcupines
  10 ice beasts
  2 black bears
  29 orc warriors
  3 phantoms
  13 ogres
  2 eyes of draining
  19 wolves
  10 centaurs
  18 crocodiles
  3 big kobolds
  23 bullfrogs
  2 water moccasin zombies
  2 wyvern skeletons
  2 water moccasin skeletons
  6 scorpions
  5 killer bees
  3 howler monkeys
  7 electric eels
  4 crimson imps
  5 centaur zombies
  2 bullfrog zombies
  6 hounds
  A draconian simulacrum (IceCv)
  3 jellies
  A gnoll shaman (D:7)
  24 orc priests
  28 orc wizards
  2 bullfrog skeletons (D:8)
  Ijyb (D:3)
  Jessica (D:2)
  8 iguanas
  2 troll simulacra (IceCv)
  2 spriggan simulacra (IceCv)
  10 worker ants
  A killer bee zombie (D:10)
  A centaur simulacrum (IceCv)
  A hound skeleton (D:9)
  A howler monkey zombie (D:7)
  3 gnolls (D:7)
  3 naga simulacra (IceCv)
  A worker ant zombie (D:5)
  20 adders
  A river rat (D:4)
  An ogre simulacrum (IceCv)
  A shadow imp (D:7)
  An ooze (D:2)
  An adder skeleton (D:7)
  A dart slug (D:2)
  9 leopard geckos
  74 orcs
  8 giant cockroaches
  5 goblins
  17 hobgoblins
  10 jackals
  13 kobolds
  3 quokkas
  4 ball pythons
  4 bats
  5 frilled lizards
  A quokka skeleton (D:9)
  12 rats
  7 bushes (Lair:5)
  7 plants
718 creatures vanquished.

Vanquished Creatures (others)
  An orc wizard (Orc:2)
  13 fungi
  32 plants
46 creatures vanquished.

Grand Total: 764 creatures vanquished

Notes
Turn   | Place    | Note
-------+----------+-------------------------------------------
     0 | D:1      | Kidiri the Deep Elf Fire Elementalist began the quest for the Orb.
     0 | D:1      | Reached XP level 1. HP: 10/10 MP: 6/6
   687 | D:1      | Reached XP level 2. HP: 15/15 MP: 6/8
   691 | D:1      | Learned a level 2 spell: Throw Flame
   847 | D:1      | Upgraded the game from 0.20-a0-386-g2d247ea to 0.20-a0-390-g4892b34
  1187 | D:2      | Reached skill level 4 in Spellcasting
  1256 | D:2      | Reached XP level 3. HP: 19/19 MP: 0/10
  1261 | D:2      | Learned a level 3 spell: Conjure Flame
  1265 | D:2      | Learned a level 3 spell: Inner Flame
  1322 | D:2      | Noticed Jessica
  1323 | D:2      | Found a hazy altar of Hepliaklqana.
  1329 | D:2      | Killed Jessica
  1485 | D:2      | Found a sparkling altar of Nemelex Xobeh.
  1553 | D:2      | Found an opulent altar of Gozag.
  1638 | D:2      | Reached XP level 4. HP: 24/24 MP: 6/12
  2065 | D:3      | Reached skill level 5 in Spellcasting
  2076 | D:3      | Learned a level 4 spell: Sticky Flame
  2080 | D:3      | Gained mutation: You are dopey. (Int -2) [potion of mutation]
  2080 | D:3      | Gained mutation: You have sharp toenails. [potion of mutation]
  2080 | D:3      | Gained mutation: You are clumsy. (Dex -2) [potion of mutation]
  2127 | D:3      | Noticed Ijyb
  2167 | D:3      | Killed Ijyb
  2167 | D:3      | Reached XP level 5. HP: 16/28 MP: 0/14
  2382 | D:3      | Found a shimmering altar of Xom.
  2420 | D:3      | Noticed Grinder
  2420 | D:3      | Paralysed by Grinder for 5 turns
  2426 | D:3      | Paralysed by Grinder for 2 turns
  2452 | D:3      | Killed Grinder
  2452 | D:3      | Reached skill level 6 in Spellcasting
  2452 | D:3      | Reached XP level 6. HP: 29/32 MP: 4/17
  2459 | D:3      | Learned a level 5 spell: Fireball
  2913 | D:4      | Reached skill level 7 in Spellcasting
  2913 | D:4      | Reached skill level 5 in Fire Magic
  2913 | D:4      | Reached XP level 7. HP: 36/36 MP: 1/19
  2950 | D:4      | Found a glowing drain.
  2964 | Sewer    | Entered a sewer
  3209 | Sewer    | Reached skill level 1 in Short Blades
  3364 | D:4      | Found a staircase to the Ecumenical Temple.
  3386 | Temple   | Entered the Ecumenical Temple
  3457 | Temple   | Became a worshipper of Vehumet
  3761 | D:5      | Entered Level 5 of the Dungeon
  4027 | D:5      | Found an iron altar of Okawaru.
  4030 | D:5      | Reached skill level 1 in Fighting
  4030 | D:5      | Reached skill level 1 in Armour
  4238 | D:5      | You fall through a shaft for 2 floors!
  4271 | D:7      | Reached skill level 8 in Spellcasting
  4348 | D:7      | Reached XP level 8. HP: 43/43 MP: 22/22
  4656 | D:5      | Found a bloodstained altar of Trog.
  4795 | D:5      | Reached * piety under Vehumet
  4795 | D:5      | Offered knowledge of Shock by Vehumet.
  4798 | D:5      | Learned a level 1 spell: Shock
  5188 | D:6      | Found an ancient bone altar of Kikubaaqudgha.
  5344 | D:7      | Found Bodif's Weapon Emporium.
  5346 | D:7      | Reached skill level 1 in Air Magic
  5362 | D:7      | Reached skill level 9 in Spellcasting
  5464 | D:7      | Noticed Joseph
  5505 | D:7      | Killed Joseph
  5505 | D:7      | Reached skill level 5 in Conjurations
  5608 | D:7      | Reached XP level 9. HP: 49/49 MP: 24/24
  5965 | D:7      | Got a translucent whip
  5966 | D:7      | Identified the +1 whip "Irecwuro" {flame, Int+2} (You found it on level 7 of the Dungeon)
  6039 | D:7      | Offered knowledge of Throw Frost by Vehumet.
  6044 | D:7      | Learned a level 2 spell: Throw Frost
  6048 | D:7      | Reached ** piety under Vehumet
  6182 | D:7      | Reached skill level 1 in Ice Magic
  6459 | D:8      | Reached skill level 5 in Dodging
  6557 | D:8      | Noticed a two-headed ogre
  6577 | D:8      | Killed a two-headed ogre
  6577 | D:8      | Reached skill level 10 in Spellcasting
  6968 | D:8      | Got a shimmering robe
  6979 | D:8      | Identified the cursed +1 robe of the Rabble {Regen+ Dex+3} (You found it on level 8 of the Dungeon)
  7012 | D:8      | Found a burning altar of Makhleb.
  7145 | D:8      | Reached XP level 10. HP: 56/56 MP: 26/26
  7527 | D:9      | Noticed a centaur warrior
  7539 | D:9      | Offered knowledge of Static Discharge by Vehumet.
  7539 | D:9      | Killed a centaur warrior
  7718 | D:9      | Noticed Prince Ribbit
  7725 | D:9      | Killed Prince Ribbit
  7930 | D:9      | Found a staircase to the Lair.
  8004 | D:9      | Found Hecw's Antique Armour Shop.
  8065 | D:9      | Reached *** piety under Vehumet
  8073 | D:9      | Reached skill level 11 in Spellcasting
  8114 | D:9      | Noticed Erica
  8147 | D:10     | Entered Level 10 of the Dungeon
  8147 | D:10     | Noticed a centaur warrior
  8260 | D:10     | Noticed Sonja
  8260 | D:10     | Killed a centaur warrior
  8277 | D:9      | Killed Erica
  8411 | D:9      | Reached skill level 5 in Short Blades
  8434 | D:9      | Noticed a cyclops
  8447 | D:9      | Killed a cyclops
  8447 | D:9      | Offered knowledge of Stone Arrow by Vehumet.
  8447 | D:9      | Reached XP level 11. HP: 60/60 MP: 16/28
  8629 | D:9      | Learned a level 3 spell: Stone Arrow
  8664 | D:9      | Noticed a catoblepas
  8673 | D:9      | Killed a catoblepas
  8951 | D:10     | Reached skill level 1 in Earth Magic
  8964 | D:10     | Found a shimmering altar of Xom.
  9103 | D:10     | Got a scorched long sword
  9104 | D:10     | Identified the +3 long sword of Gozag {drain, *Noise rPois rC+} (You found it on level 10 of the Dungeon)
  9189 | D:10     | Noticed Erolcha
  9202 | D:10     | Killed Erolcha
  9341 | D:10     | Reached **** piety under Vehumet
  9359 | D:10     | Killed Sonja
  9359 | D:10     | Reached skill level 12 in Spellcasting
  9444 | D:10     | Offered knowledge of Poisonous Cloud by Vehumet.
  9460 | D:10     | Noticed a two-headed ogre
  9461 | D:10     | Noticed Harold
  9461 | D:10     | Noticed a two-headed ogre
  9488 | D:10     | Killed a two-headed ogre
  9494 | D:10     | Reached skill level 5 in Air Magic
  9597 | D:10     | Learned a level 5 spell: Poisonous Cloud
  9662 | D:10     | Killed Harold
  9669 | D:10     | Killed a two-headed ogre
  9669 | D:10     | Reached skill level 1 in Poison Magic
  9871 | D:10     | Found a staircase to the Orcish Mines.
  9878 | D:10     | Reached skill level 5 in Ice Magic
 10118 | Lair:1   | Entered Level 1 of the Lair of Beasts
 10326 | Lair:1   | Reached XP level 12. HP: 63/67 MP: 29/30
 10620 | Lair:1   | Noticed Nergalle
 10636 | Lair:1   | Killed Nergalle
 11177 | Lair:2   | Reached skill level 1 in Evocations
 11183 | Lair:2   | Reached ***** piety under Vehumet
 11320 | Lair:2   | Found a shimmering altar of Xom.
 11326 | Lair:2   | Offered knowledge of Lee's Rapid Deconstruction by Vehumet.
 11333 | Lair:2   | Learned a level 5 spell: Lee's Rapid Deconstruction
 11428 | Lair:2   | Found a hole to the Spider Nest.
 12136 | Lair:3   | Reached skill level 5 in Fighting
 12184 | Lair:3   | Noticed Gastronok
 12199 | Lair:3   | Noticed a seven-headed hydra
 12211 | Lair:3   | Killed Gastronok
 12211 | Lair:3   | Reached skill level 5 in Armour
 12211 | Lair:3   | Reached skill level 13 in Spellcasting
 12217 | Lair:3   | Killed a seven-headed hydra
 12253 | Lair:3   | Noticed a seven-headed hydra
 12279 | Lair:3   | Killed a seven-headed hydra
 12351 | Lair:3   | Got a steaming leather armour
 12362 | Lair:3   | Identified the +0 leather armour of Uskysiqo {rC+} (You found it on level 3 of the Lair of Beasts)
 12587 | Lair:3   | Found a staircase to the Swamp.
 13221 | Lair:4   | Reached XP level 13. HP: 72/72 MP: 19/32
 13933 | Lair:4   | Found a snail-covered altar of Cheibriados.
 13941 | Lair:4   | Offered knowledge of Delayed Fireball by Vehumet.
 13941 | Lair:4   | Reached skill level 5 in Earth Magic
 13962 | Lair:4   | Learned a level 7 spell: Delayed Fireball
 15033 | Lair:5   | Reached skill level 14 in Spellcasting
 16425 | Lair:6   | Entered Level 6 of the Lair of Beasts
 16861 | Lair:6   | Noticed Josephine
 16863 | Lair:6   | Reached XP level 14. HP: 79/79 MP: 31/34
 16869 | Lair:6   | Killed Josephine
 16869 | Lair:6   | Reached skill level 5 in Poison Magic
 16878 | Lair:5   | Reached skill level 1 in Shields
 17125 | Lair:6   | Reached skill level 5 in Evocations
 18282 | Lair:6   | Found a viscous altar of Jiyva.
 18283 | Lair:6   | Found a staircase to the Slime Pits.
 19051 | Orc:1    | Entered Level 1 of the Orcish Mines
 19068 | Orc:1    | Noticed Nattefrost's ghost (journeyman FoFi)
 19607 | Orc:1    | HP: 4/80 [Nattefrost's ghost (20)]
 19880 | D:11     | Offered knowledge of Freezing Cloud by Vehumet.
 19888 | D:11     | Learned a level 6 spell: Freezing Cloud
 20362 | D:11     | Identified a scroll of acquirement
 20717 | D:12     | Reached skill level 10 in Fire Magic
 22018 | D:13     | Found a frozen archway.
 22034 | IceCv    | Entered an ice cave
 22385 | IceCv    | Offered knowledge of Conjure Ball Lightning by Vehumet.
 22413 | IceCv    | Reached skill level 15 in Spellcasting
 22875 | D:13     | Lost mutation: You are clumsy. (Dex -2) [potion of cure mutation]
 22875 | D:13     | Lost mutation: You are dopey. (Int -2) [potion of cure mutation]
 22875 | D:13     | Lost mutation: You have sharp toenails. [potion of cure mutation]
 22942 | D:13     | Reached XP level 15. HP: 85/85 MP: 36/36
 23522 | Orc:2    | Entered Level 2 of the Orcish Mines
 23548 | Orc:2    | Noticed an orc warlord
 23747 | Orc:2    | Killed an orc warlord
 23962 | Orc:2    | Found Zusky's Antique Armour Shop.
 23988 | Orc:2    | Bought a runed buckler for 262 gold pieces
 24107 | Orc:2    | Found a staircase to the Elven Halls.
 24449 | Orc:2    | Offered knowledge of Poison Arrow by Vehumet.
 24451 | Orc:2    | Slain by an orc knight

Vault maps used:
D:1:      minmay_arrival_four_loops
D:2:      lemuel_crystal_altar, nicolae_overflow_crystal_walls,
          overflow_temple_1_default, amethyst_killhole, minmay_surrounded,
          uniq_jessica
D:3:      overflow_temple_1_default, uniq_iyjb, uniq_grinder
D:4:      first_bread, portal_sewer_entry_e
D:5:      marbit_many_paths, okawaru_gym_becter
D:6:      kiku_gazebo_pond_becter
D:7:      serial_shops, kennysheep_little_box, the_bakery, uniq_joseph
D:8:      lemuel_round_altar
D:9:      minmay_quarter_circles, lair_entry_dummy, serial_shops, shop,
          kennysheep_minor_cross, hex_medium, uniq_prince_ribbit1, uniq_erica
D:10:     erik_orc_2, dk_noncrumbling_3, david_defended_altar_elf, uniq_sonja,
          uniq_harold, uniq_erolcha
D:11:     eino_small_chamber_without_monster
D:13:     portal_ice_cave_entry_ice_beasts
Temple:   nicolae_temple_great_sept
Lair:1:   uniq_nergalle
Lair:2:   dummy_spider_entry, lemuel_centaur_altar, grunt_megastairs_5
Lair:3:   swamp_mist, st_stairs_4, grunt_megastairs_3, uniq_gastronok
Lair:4:   kennysheep_snail_temple, lemuel_fruit_fields,
          minmay_lair_oklob_chamber
Lair:5:   minmay_hedge_maze
Lair:6:   minmay_lair_end_frog_pond, slime_altar_1, serial_bayou_lagoon_b,
          lemuel_fruit_tree, serial_bayou_shore_b, uniq_josephine
Orc:1:    nicolae_orc_flooded_monolith
Orc:2:    grunt_orc_tribal_feast, serial_shops, shop, trog_book
Sewer:    sewer_the_crocodile
IceCv:    ice_cave_tombish

Skill      XL: |  1  2  3  4  5  6  7  8  9 10 11 12 13 14 15 |
---------------+----------------------------------------------+-----
Spellcasting   | 4 5 6 7 8 9 10 11 12 13 14 15 | 15.3
Conjurations   | 2 3 4 5 6 7 8 9 |  9.4
Fire Magic     | 4 5 6 7 8 9 10 | 10.4
Short Blades   | 2 3 4 5 6 7 |  7.8
Dodging        | 3 4 5 6 7 8 9 |  9.2
Fighting       | 1 2 3 4 5 6 |  6.7
Armour         | 1 2 3 4 5 6 |  6.6
Air Magic      | 1 3 4 5 6 7 |  7.9
Ice Magic      | 2 4 5 6 7 |  7.9
Earth Magic    | 3 4 5 6 |  6.6
Poison Magic   | 1 3 4 6 |  6.3
Evocations     | 3 4 5 6 |  6.1
Shields        | 2 3 |  3.0
Stealth        | |  2.4

Action                   |  1- 3 |  4- 6 |  7- 9 | 10-12 | 13-15 || total
-------------------------+-------+-------+-------+-------+-------++-------
Melee: Unarmed           |     1 |       |       |       |       ||     1
       Dagger            |     3 |    38 |    22 |       |       ||    63
       Kick              |       |     3 |     8 |     1 |       ||    12
       Whip              |       |       |     3 |    22 |       ||    25
       Long sword        |       |       |       |   100 |   334 ||   434
 Cast: Flame Tongue      |    58 |    64 |   153 |   179 |   292 ||   746
       Conjure Flame     |       |     3 |    11 |     8 |    11 ||    33
       Sticky Flame      |       |     3 |    19 |    89 |   139 ||   250
       Inner Flame       |       |     2 |     6 |     6 |     4 ||    18
       Throw Flame       |       |     1 |    14 |    30 |    31 ||    76
       Shock             |       |       |    13 |    18 |     2 ||    33
       Fireball          |       |       |     4 |    22 |    83 ||   109
       Throw Frost       |       |       |     6 |     3 |     3 ||    12
       Poisonous Cloud   |       |       |       |     9 |    36 ||    45
       Lee's Rapid Decon |       |       |       |     1 |     1 ||     2
       Delayed Fireball  |       |       |       |       |     1 ||     1
       Stone Arrow       |       |       |       |       |    49 ||    49
       Freezing Cloud    |       |       |       |       |     7 ||     7
Evoke: Wand              |       |       |     5 |       |     1 ||     6
  Use: Scroll            |     2 |     9 |    12 |    10 |    17 ||    50
       Potion            |       |     1 |     2 |     3 |     7 ||    13
 Stab: Sleeping          |     3 |     7 |     9 |     5 |     6 ||    30
       Paralysed         |       |       |     2 |       |       ||     2
  Eat: Chunk             |     2 |     4 |    10 |    17 |    17 ||    50
       Beef jerky        |       |       |     2 |     2 |     3 ||     7
       Pizza             |       |       |     1 |     1 |     3 ||     5
       Fruit             |       |       |       |     1 |    11 ||    12
       Meat ration       |       |       |       |       |     1 ||     1
Armor: Robe              |     4 |    10 |    26 |    72 |   168 ||   280
Dodge: Dodged            |    13 |    39 |    71 |   284 |   529 ||   936
Block: Buckler           |       |       |       |       |    16 ||    16
       Rpst.: Long sword |       |       |       |    62 |   147 ||   209
